 Seeded DCSS version 0.32-a0-422-g28b100f618 (webtiles) character file.

Game seed: 4470695997505239791 (custom seed)

90 shadowstone the Chopper (level 4, 0/37 HPs)
             Began as a Mountain Dwarf Reaver on Feb 21, 2024.
             Slain by Sigmund
             ... wielding a +0 scythe
              (2 damage)
             ... on level 2 of the Dungeon.
             The game lasted 00:04:52 (1824 turns).

shadowstone the Chopper (Mountain Dwarf Reaver)     Turns: 1824, Time: 00:04:52

Health: 0/37       AC:  4    Str: 14    XL:     4   Next: 32%
Magic:  6/6        EV: 11    Int: 16    God:
Gold:   100        SH:  0    Dex:  8    Spells: 5/6 levels left

rFire   . . .        a - +0 hand axe
rCold   . . .        (no shield)
rNeg    . . .        b - +0 leather armour
rPois   .            (no helmet)
rElec   .            (no cloak)
rCorr   .            (no gloves)
SInv    .            f - +0 pair of boots
Will    .....        (no amulet)
Stlth   +            (no ring)
HPRegen 0.26/turn    (no ring)
MPRegen 0.10/turn

%: no passive effects
@: no status effects
A: runic magic, artefact enchanting
a: no special abilities


You were on level 2 of the Dungeon.
You visited 1 branch of the dungeon, and saw 2 of its levels.

You collected 100 gold pieces.

Inventory:

Hand Weapons
 a - a +0 hand axe (weapon)
Missiles
 j - 5 silver javelins
Armour
 b - a +0 leather armour (worn)
 e - a scarf of harm
 f - a +0 pair of boots (worn)
Jewellery
 i - an amulet of the acrobat
Scrolls
 c - a scroll of identify
 g - 2 scrolls of fear
Potions
 d - a potion of magic {unknown}
 h - 3 potions of lignification {unknown}
 k - a potion of mutation {unknown}


   Skills:
 + Level 2.8 Fighting
 + Level 4.6 Axes
 + Level 1.0 Armour
 + Level 1.9 Dodging
 + Level 1.9 Spellcasting
 + Level 3.1 Conjurations


You had 5 spell levels left.
You knew the following spells:

 Your Spells              Type           Power      Damage    Failure   Level
a - Kiss of Death         Conj/Necr      24%        2d7       11%         1

Your spell library contained the following spells:

 Spells                   Type           Power      Damage    Failure   Level
 Momentum Strike          Conj/Tloc      12%        3d8       17%         2
 Hailstorm                Conj/Ice       6%         3d5       34%         3
 Animate Armour           Summ/Erth      2%         N/A       91%         4
 Summon Lightning Spire   Summ/Air       1%         N/A       91%         4
 Lee's Rapid Deconstruct  Erth           0%         3d4*      99%         5


Dungeon Overview and Level Annotations

Branches:
Dungeon (2/15)

Altars:

Annotations:
D:2 Sigmund


Innate Abilities, Weirdness & Mutations

Your spellcasting is much less encumbered by armour.
You can use scrolls of enchantment on lesser artefacts.


Message History

The ball python grabs you. The ball python constricts you.
The hobgoblin hits you.
You hit the hobgoblin but do no damage.
The hobgoblin is lightly wounded.
You closely miss the ball python. You barely miss Sigmund.
You feel sick. The ball python barely misses you.
The ball python constricts you. Sigmund hits you but does no damage.
The hobgoblin hits you but does no damage.
You closely miss the hobgoblin.
The hobgoblin is lightly wounded.
You closely miss Sigmund. You closely miss the ball python.
You feel sick.
The ball python bites you but does no damage.
The ball python constricts you. The hobgoblin hits you.
* * * LOW HITPOINT WARNING * * *
Sigmund hits you with a +0 scythe.
* * * LOW HITPOINT WARNING * * *
The ball python bites you.
* * * LOW HITPOINT WARNING * * *
The ball python constricts you.
* * * LOW HITPOINT WARNING * * *
You barely miss the hobgoblin.
The hobgoblin is lightly wounded.
You closely miss Sigmund.
You hit the ball python but do no damage.
You feel sick.
You are no longer poisoned.
The hobgoblin closely misses you. The ball python closely misses you.
The ball python constricts you. Sigmund hits you but does no damage.
You hit the hobgoblin.
The hobgoblin is severely wounded.
You hit Sigmund. You hit the ball python.
You kill the ball python!
The hobgoblin hits you.
* * * LOW HITPOINT WARNING * * *
Your Armour skill increases to level 1!
You slash the hobgoblin!
You kill the hobgoblin!
You hit Sigmund. Sigmund hits you with a +0 scythe.
You die...
Sigmund begins carving another notch in his scythe.

# #.. ..### ..# #
..... # ..# #.#
.#### #. .. .. #.#
!# .# . #..##J ##.#
.# #...@##..###.###
#...†@†........#
###.†.#........#
#####
###..........+......
###.........#.#####
#.............#
#.~~........#######
#.~⌠........##.....
#..~~.......##.....
#...........##.....


You could see Sigmund and an endoplasm.

Vanquished Creatures
  2 adders (D:2)
  A ribbon worm (D:2)
  2 bats (D:1)
  7 endoplasms
  2 giant cockroaches (D:1)
  6 hobgoblins
  4 jackals (D:1)
  4 ball pythons
  2 frilled lizards
  2 goblins
  8 rats
40 creatures vanquished.

Notes
Turn   | Place    | Note
-------+----------+-------------------------------------------
     0 | D:1      | shadowstone the Mountain Dwarf Reaver began the quest for
                  | the Orb.
     0 | D:1      | Reached XP level 1. HP: 17/17 MP: 3/3
   124 | D:1      | Reached XP level 2. HP: 13/24 MP: 4/4
   557 | D:1      | Reached skill level 4 in Axes
   659 | D:1      | Reached XP level 3. HP: 24/30 MP: 5/5
   742 | D:1      | Found a faded altar of an unknown god.
  1630 | D:2      | Reached XP level 4. HP: 23/37 MP: 6/6
  1809 | D:2      | Noticed Sigmund
  1824 | D:2      | Reached skill level 1 in Armour
  1824 | D:2      | Slain by Sigmund

Illustrated notes

Levels and vault maps discovered:
D:1:      dpeg_arrival_arbitrary_a, layout_basic,
          shapermc_ecumenical_altar_totnotflames
D:2:      wad_river_or_something, layout_basic, basic_altar,
          corexii_leaking_fountain, minmay_misc_feat_x, roderic_lattice_a,
          minmay_pentomino_w4, uniq_sigmund, uniq_natasha

Skill      XL: |  1  2  3  4 |
---------------+-------------+-----
Conjurations   | 3 |  3.1
Axes           | 4 |  4.6
Armour         | 1 |  1.0
Fighting       | |  2.8
Dodging        | |  1.9
Spellcasting   | |  1.9

Action                     |  1- 3 |  4- 6 || total
---------------------------+-------+-------++-------
  Melee: Hand axe          |    81 |    21 ||   102
   Cast: Kiss of Death     |     1 |       ||     1
    Use: Scroll            |     2 |       ||     2
 Armour: Leather armour    |    65 |    25 ||    90
  Dodge: Dodged            |    83 |    19 ||   102

Table legend: (Time is in decaauts)
 A = Elapsed time spent in this place.
 B = Non-inter-level travel time spent in this place.
 C = Inter-level travel time spent in this place.
 D = Time resting spent in this place.
 E = Time spent auto-exploring this place.
 F = Levels seen in this place.
 G = Mean time per level.
                   A        B        C        D        E       F      G
               +--------+--------+--------+--------+--------+-----+--------+
         Total |   1833 |   1824 |      9 |    458 |    547 |   2 |  916.5 |
       Dungeon |   1833 |   1824 |      9 |    458 |    547 |   2 |  916.5 |
               +--------+--------+--------+--------+--------+-----+--------+

Top non-repeatable levels by time:
     D:1: 1305 daAuts
     D:2: 527 daAuts
